 Dungeon Crawl Stone Soup version 0.26.0-10-g1f06aea511 (webtiles) character file.

Game seed: 11640403725447732948

440 Crl the Caller (level 6, -7/32 HPs)
             Began as a Deep Elf Summoner on Jan 17, 2021.
             Shot with an arrow by a centaur (9 damage)
             ... on level 5 of the Dungeon.
             The game lasted 00:32:42 (6741 turns).

Crl the Caller (Deep Elf Summoner)                  Turns: 6741, Time: 00:32:42

Health: -7/32      AC:  4    Str:  5    XL:     6   Next: 70%
Magic:  12/17      EV: 14    Int: 22    God:
Gold:   92         SH:  0    Dex: 15    Spells: 4/17 levels left

rFire    . . .     SeeInvis .   t - +1 mace (protect)
rCold    . . .     Faith    .   (no shield)
rNeg     . . .     Spirit   .   a - +0 robe
rPois    .         Reflect  .   h - +0 helmet
rElec    .         Harm     .   (no cloak)
rCorr    .         Rampage  .   (no gloves)
Will     +....                  B - +0 pair of boots
Stlth    ++........             (no amulet)
HPRegen  0.10/turn              z - ring of wizardry
MPRegen  0.15/turn              w - ring of willpower

@: no status effects
A: no striking features
a: no special abilities


You were on level 5 of the Dungeon.
You visited 1 branch of the dungeon, and saw 5 of its levels.

You collected 264 gold pieces.
You spent 172 gold pieces at shops.

Inventory:

Hand Weapons
 f - a +1 mace
 m - a +0 hunting sling
 t - a +1 mace of protection (weapon)
Missiles
 q - 123 stones (quivered)
Armour
 a - a +0 robe (worn)
 h - a +0 helmet (worn)
 l - a +0 buckler
 r - a +2 ring mail of fire resistance
 B - a +0 pair of boots (worn)
Jewellery
 u - an uncursed ring of protection from fire
 w - a ring of willpower (right hand)
 z - a ring of wizardry (left hand)
Wands
 s - a wand of polymorph (6)
Scrolls
 c - a scroll of identify
 i - 9 scrolls of teleportation
 k - 3 scrolls of magic mapping
 n - a scroll of amnesia
 p - a scroll of fear
 x - 2 scrolls of remove curse
 y - a scroll of enchant armour {unknown}
Potions
 b - 3 potions of curing {unknown}
 d - 2 potions of invisibility
 e - 2 potions of haste {unknown}
 g - a potion of lignification {unknown}
 j - a potion of resistance {unknown}
 o - 3 potions of heal wounds
 v - a potion of degeneration {unknown}
 A - a potion of brilliance {unknown}


   Skills:
 + Level 4.3 Dodging
 - Level 2.6 Stealth
 * Level 6.3 Spellcasting
 * Level 6.6 Summonings


You had 4 spell levels left.
You knew the following spells:

 Your Spells              Type           Power        Failure   Level
a - Summon Small Mammal   Summ           100%         1%          1
b - Call Imp              Summ           36%          1%          2
c - Call Canine Familiar  Summ           36%          1%          3
d - Summon Guardian Gole  Hex/Summ       21%          2%          3
e - Summon Ice Beast      Ice/Summ       21%          9%          4

Your spell library contained the following spells:

 Spells                   Type           Power        Failure   Level
 Summon Lightning Spire   Summ/Air       21%          9%          4


Dungeon Overview and Level Annotations

Branches:
Dungeon (5/15)
 Temple: D:4-7

Altars:
Fedhas
Nemelex Xobeh

Shops:
D:4 *}([

Annotations:
D:4 exclusion: ogre


Message History

You see here an arrow.
The centaur shoots an arrow.
The arrow barely misses your hound. The arrow hits you.
You see here an arrow.
Something hits your hound.
Your hound dies!
Your hound's corpse disappears in a puff of smoke!
You see here 2 arrows.
Casting: Call Canine Familiar (safe; 1% risk of failure)
Confirm with . or Enter, or press ? or * to list all spells.
The centaur wields a +0 shortbow.
The centaur shoots an arrow.
The arrow hits you!
* * * LOW HITPOINT WARNING * * *
The centaur shoots an arrow.
The arrow hits you.
* * * LOW HITPOINT WARNING * * *
There is an open door, spattered with blood here.
You see here an arrow.
You swap places.
The centaur shoots an arrow.
The arrow closely misses your wolf. The arrow hits you!
You die...

.#....# ###.. #. #.....#
### #.##....# # #.##....#
####.##...##.
#.....#(c.#.. #.....##'##.
# #.....##c#.. #
#....@##.#'# ##
####h#...#.### #.
########(#.###...### ##.
#.....()c#.##..#.5.### #..
#.......((.##.####...#####
#.(.....(###..# #+#...#.#
#######.####.## ##.##..
#..##..# #..#..# ##.##.##
##5##.##


You could see a centaur and a friendly wolf (summoned).

Vanquished Creatures
  An orc priest (D:3)
  3 adders
  An ufetubus (D:5)
  An ooze (D:4)
  2 leopard geckos
  4 bats
  A giant cockroach (D:3)
  7 goblins
  A hobgoblin (D:3)
  2 frilled lizards
  A kobold (D:3)
  8 rats
32 creatures vanquished.

Vanquished Creatures (collateral kills)
  An ogre (D:5)
  A centaur (D:5)
  2 scorpions (D:4)
  2 howler monkeys (D:4)
  A bullfrog zombie (D:5)
  2 hounds (D:4)
  2 iguanas (D:5)
  A worker ant (D:4)
  7 adders
  An ooze (D:3)
  An adder skeleton (D:5)
  3 worms
  4 dart slugs
  2 leopard geckos
  7 orcs
  2 ball pythons (D:1)
  2 bats (D:1)
  3 giant cockroaches
  7 goblins
  8 hobgoblins
  3 jackals (D:5)
  9 kobolds
  2 frilled lizards
  A jackal skeleton (D:3)
  6 rats
80 creatures vanquished.

Grand Total: 112 creatures vanquished

Notes
Turn   | Place    | Note
-------+----------+-------------------------------------------
     0 | D:1      | Crl the Deep Elf Summoner began the quest for the Orb.
     0 | D:1      | Reached XP level 1. HP: 10/10 MP: 6/6
   556 | D:1      | Reached XP level 2. HP: 15/15 MP: 6/8
   559 | D:1      | Learned a level 2 spell: Call Imp
  1321 | D:2      | Reached skill level 5 in Summonings
  1321 | D:2      | Reached XP level 3. HP: 12/19 MP: 8/10
  1449 | D:2      | Found a blossoming altar of Fedhas.
  2436 | D:2      | Found a sparkling altar of Nemelex Xobeh.
  2655 | D:2      | Learned a level 3 spell: Call Canine Familiar
  2908 | D:2      | Reached XP level 4. HP: 22/24 MP: 7/12
  2912 | D:2      | Learned a level 3 spell: Summon Guardian Golem
  3932 | D:3      | Reached XP level 5. HP: 28/28 MP: 14/14
  3937 | D:3      | Learned a level 4 spell: Summon Ice Beast
  4358 | D:4      | Found Qien's Gadget Boutique.
  4366 | D:4      | Bought a wand of polymorph (6) for 112 gold pieces
  4393 | D:4      | Found Baesiz's General Store.
  4400 | D:4      | Bought a potion of heal wounds for 60 gold pieces
  4563 | D:4      | Found Butomm's Weapon Boutique.
  4584 | D:4      | Noticed an ogre
  4669 | D:4      | Reached skill level 5 in Spellcasting
  4825 | D:4      | Found Okulieti's Armour Shoppe.
  5289 | D:5      | Entered Level 5 of the Dungeon
  5598 | D:4      | Reached XP level 6. HP: 25/32 MP: 10/16
  6741 | D:5      | Shot with an arrow by a centaur

Illustrated notes

Levels and vault maps discovered:
D:1:      dpeg_arrival_shelter, layout_loops_ring
D:2:      minmay_inner_zag, layout_basic, marbit_many_paths, lemuel_round_altar,
          kennysheep_generic_room_15
D:3:      layout_basic
D:4:      layout_basic, serial_shops, shop, shop, shop, shop
D:5:      minmay_skewed_foursquare, layout_basic

Skill      XL: |  1  2  3  4  5  6 |
---------------+-------------------+-----
Summonings     | 5 6 |  6.6
Spellcasting   | 4 5 6 |  6.3
Dodging        | 3 4 |  4.3
Stealth        | |  2.6

Action                   |  1- 3 |  4- 6 || total
-------------------------+-------+-------++-------
Melee: Unarmed           |     4 |       ||     4
       Mace              |    65 |    53 ||   118
Throw: Stone             |       |    16 ||    16
 Cast: Summon Small Mamm |    64 |     1 ||    65
       Call Imp          |     1 |    38 ||    39
       Call Canine Famil |     1 |    18 ||    19
  Use: Scroll            |     2 |     7 ||     9
       Potion            |       |     1 ||     1
 Stab: Sleeping          |     3 |     2 ||     5
       Distracted        |       |     1 ||     1
Armor: Robe              |    19 |    16 ||    35
Dodge: Dodged            |    89 |    58 ||   147
